 Dungeon Crawl Stone Soup version 0.31-a0-473-g61b50ae490 (webtiles) character file.

Game seed: 4437248486129298054

10231 Jase the Grappler (level 11, -5/102 HPs)
             Began as a Troll Shapeshifter on Aug 7, 2023.
             Was a Believer of Uskayaw.
             Slain by a salamander
             ... wielding a +0 spear
              (13 damage)
             ... in a volcano.
             The game lasted 00:22:11 (8950 turns).

Jase the Grappler (Troll Shapeshifter)              Turns: 8950, Time: 00:22:11

Health: -5/102     AC:  4    Str: 25    XL:     11   Next: 33%
Magic:  16/16      EV: 15    Int:  7    God:    Uskayaw [**....]
Gold:   474        SH:  5    Dex: 14    Spells: 10/10 levels left

rFire   + .          .
                       - Unarmed
rCold   . . .        (no shield)
rNeg    . . .        a - +0 animal skin
rPois   +            (helmet currently unavailable)
rElec   .            (cloak currently unavailable)
rCorr   .            (gloves unavailable)
SInv    .            (boots unavailable)
Will    .....        v - amulet "Duffacaorhe" {Reflect Fragile rF+ Int+3 SH+5}
Stlth   +            g - +5 ring of evasion
HPRegen 1.17/turn    K - ring of poison resistance
MPRegen 0.15/turn

%: reflection
@: beast-form
A: beast (slay +6), large, unfitting armour, claws 3, regeneration 1, shaggy fur
1, tough skin 1
a: Begin Untransformation, Renounce Religion, Stomp, Line Pass


You were in a volcano.
You worshipped Uskayaw.
Uskayaw was aware of your devotion.
You were a hulking beast.
You visited 2 branches of the dungeon, and saw 11 of its levels.
You also visited: Volcano.

You collected 851 gold pieces.
You spent 377 gold pieces at shops.

Inventory:

Missiles
 e - 2 javelins
 r - 11 poisoned darts (quivered)
 x - 8 boomerangs
 C - 2 throwing nets
Armour
 a - a +0 animal skin (worn)
 G - a +0 cloak
Jewellery
 g - a +5 ring of evasion (left claw)
 v - the amulet "Duffacaorhe" (around neck) {Reflect Fragile rF+ Int+3 SH+5}
   (You took it off a kobold on level 3 of the Dungeon)

   [amulet of reflection]

   It reflects blocked missile attacks.
   Int:       It affects your intelligence (+3).
   rF:        It protects you from fire.
   Fragile:   It will be destroyed if unequipped.
   SH:        It affects your SH (+5).
 F - a ring of resist corrosion
 K - a ring of poison resistance (right claw)
Talismans
 c - a beast talisman (active)
 y - a blade talisman
Wands
 b - a wand of paralysis (11)
 i - a wand of roots (12)
 D - a wand of mindburst (9)
 H - a wand of digging (2)
Scrolls
 j - 11 scrolls of teleportation
 l - 2 scrolls of fear {unknown}
 m - 5 scrolls of enchant weapon
 n - a scroll of silence {unknown}
 t - 2 scrolls of blinking
 u - 2 scrolls of revelation {unknown}
 w - 2 scrolls of poison
 A - 2 scrolls of fog
 I - a scroll of summoning {unknown}
 J - a scroll of vulnerability {unknown}
Potions
 d - a potion of mutation
 h - a potion of cancellation
 k - a potion of resistance
 o - 7 potions of curing
 p - a potion of enlightenment {unknown}
 q - a potion of berserk rage {unknown}
 z - a potion of attraction {unknown}
 B - 2 potions of brilliance {unknown}


   Skills:
 + Level 5.0 Fighting
 - Level 1.5 Dodging
 + Level 10.8 Unarmed Combat
 - Level 8.0 Invocations
 + Level 9.2 Shapeshifting


You had 10 spell levels left.
You didn't know any spells.
Your spell library contained the following spells:

 Spells                   Type           Power      Damage    Failure   Level
 Poisonous Vapours        Pois/Air       0%         N/A       56%         2
 Inner Flame              Hex/Fire       0%         N/A       80%         3
 Mephitic Cloud           Conj/Pois/Air  0%         N/A       80%         3
 Stone Arrow              Conj/Erth      0%         3d7       80%         3
 Animate Armour           Summ/Erth      0%         N/A       99%         4
 Animate Dead             Necr           0%         N/A       99%         4
 Flame Wave               Conj/Fire      0%         2d4       99%         4
 Sticky Flame             Conj/Fire      0%         2d3       99%         4
 Freezing Cloud           Conj/Ice/Air   0%         6-21      100%        5
 Haunt                    Necr/Summ      0%         N/A       100%        7
 Infestation              Necr           0%         N/A       100%        8
 Lehudib's Crystal Spear  Conj/Erth      0%         10d2      100%        8


Dungeon Overview and Level Annotations

Branches:
Dungeon (10/15)            Temple (0/1) D:6            Lair (1/5) D:10
Volcano (1/1)
    Orc: D:9-12

Altars:
Dithmenos
Hepliaklqana
Kikubaaqudgha
Makhleb
Trog
Uskayaw
Yredelemnul
Zin

Shops:
D:1 (   D:3 *   D:5 :

Annotations:
D:8 4 transporters
Lair:1 1 exclusion


Innate Abilities, Weirdness & Mutations

You are a hulking beast.
Your limbs bulge with bestial killing power. (Slay +6)
You are too large for most types of armour.
You have claws for hands.
Your natural rate of healing is unusually fast.
You are covered in fur. (AC +1)
You have tough skin. (AC +1)


Message History

The centaur shoots an arrow.
You block the arrow with an invisible shield... and reflect it back!
The arrow hits the centaur!
The arrow burns the centaur.
You can now pass through a line of other dancers.
Your Fighting skill increases to level 5!
Okay, then.
It was a potion of heal wounds.
You feel much better.
The centaur shoots an arrow.
The arrow hits you.
* * * LOW HITPOINT WARNING * * *
The arrow burns you.
* * * LOW HITPOINT WARNING * * *
The salamander hits you from afar with a +0 spear.
* * * LOW HITPOINT WARNING * * *
You are engulfed in flames.
You resist.
* * * LOW HITPOINT WARNING * * *
You feel much better.
The centaur shoots an arrow.
The arrow hits you.
The centaur shoots an arrow.
You block the arrow with an invisible shield... and reflect it back!
The arrow hits the centaur.
The arrow burns the centaur.
The salamander hits you from afar with a +0 spear!
* * * LOW HITPOINT WARNING * * *
You are engulfed in flames.
You resist.
* * * LOW HITPOINT WARNING * * *
Unknown command.
The centaur unwields a +0 shortbow of flaming.
It stops flaming.
The centaur hits you.
* * * LOW HITPOINT WARNING * * *
The centaur misses you.
The salamander hits you with a +0 spear.
* * * LOW HITPOINT WARNING * * *
You are engulfed in flames.
You resist.
* * * LOW HITPOINT WARNING * * *
There is an open door here.
You see here a hell hound corpse.
You mangle the salamander!!
The salamander is moderately wounded.
The centaur hits you but does no damage.
The centaur closely misses you.
The salamander hits you with a +0 spear!
You die...

≈≈≈≈≈≈≈≈≈≈≈≈≈≈≈≈≈≈≈≈≈≈≈≈≈≈
≈≈≈≈≈≈≈≈≈≈≈≈≈≈≈≈≈≈≈≈≈≈≈≈≈≈≈≈
≈≈≈≈≈≈≈≈≈≈≈≈≈≈≈≈≈≈≈≈≈≈≈≈≈≈≈≈
≈≈≈≈≈≈≈≈≈≈≈≈≈≈≈≈≈≈≈≈≈≈≈≈≈≈≈≈
≈≈≈≈≈≈≈≈≈≈~≈≈≈≈~≈≈≈≈≈~~≈~≈≈≈
≈≈≈≈≈≈≈~≈~.≈~~.~≈~~~.~.~~~≈
≈≈≈≈≈~.~~.~.~~~~..~..~~.~~
#....................^^
#...##h##...#####...##+
#..##cN.##.## ##.##
#..#.....#.# #.#
#..#)....#.# #.#
+#..##...##.## ##.##
#....#####...##+##...###
##...§..§§....^....§....
≈≈≈≈≈≈≈≈...§§§≈§≈.≈..§.≈≈..
§§§≈≈§≈≈≈≈≈≈.§≈§§§§≈§§≈≈.≈≈


You could see a salamander and a centaur.

Vanquished Creatures
  2 two-headed ogres
  The ghost of noobcanoe the Conjurer, a novice OpBr of Sif Muna (D:8)
  Pikel (D:7)
  Maurice (D:8)
  A gargoyle (D:10)
  Maggie (D:6)
  A komodo dragon (Lair:1)
  An unseen horror (D:10)
  2 trolls
  11 yaks
  2 wyverns
  A basilisk (Lair:1)
  A human (D:6)
  A steam dragon (D:7)
  A hell hound (Volcano)
  4 water moccasins
  6 orc warriors
  An ice beast (D:5)
  3 ogres
  A black bear (D:10)
  A sky beast (D:7)
  3 wolves (Lair:1)
  5 centaurs
  2 lemures (D:7)
  3 phantoms
  A kobold brigand (D:9)
  6 bullfrogs
  2 scorpions
  A howler monkey (D:8)
  2 jellies
  2 gnoll boudas
  2 orc priests
  3 hounds
  2 sleepcaps
  Jessica (D:3)
  2 iguanas
  8 orc wizards
  A mummy (D:6)
  15 gnolls
  8 adders
  A white imp (D:5)
  7 dart slugs
  31 orcs
  3 ball pythons
  7 endoplasms
  2 giant cockroaches
  11 goblins
  12 hobgoblins
  3 jackals (D:5)
  45 kobolds
  A quokka (D:3)
  7 bats
  A frilled lizard (D:1)
  3 hobgoblin zombies (D:6)
  A jackal zombie (D:6)
  A kobold zombie (D:6)
  A rat (D:1)
250 creatures vanquished.

Vanquished Creatures (others)
  An ufetubus (D:7)
  An orc (D:5)
  A kobold (D:3)
3 creatures vanquished.

Grand Total: 253 creatures vanquished

Notes
Turn   | Place    | Note
-------+----------+-------------------------------------------
     0 | D:1      | Jase the Troll Shapeshifter began the quest for the Orb.
     0 | D:1      | Reached XP level 1. HP: 18/18 MP: 0/0
   122 | D:1      | Reached XP level 2. HP: 26/26 MP: 1/1
   188 | D:1      | Found Emok Lust's Antique Weapon Emporium.
   554 | D:2      | Found a faded altar of an unknown god.
   571 | D:2      | Prayed at the altar of an unknown god.
   571 | D:2      | Became a worshipper of Uskayaw the Reveller
   571 | D:2      | Reached * piety under Uskayaw
   706 | D:2      | You fall into a shaft and drop 1 floor!
   755 | D:3      | Reached ** piety under Uskayaw
   767 | D:3      | Found Eggiotag's General Store.
   782 | D:3      | Bought a scroll of teleportation for 39 gold pieces
   782 | D:3      | Bought a scroll of identify for 26 gold pieces
   783 | D:3      | Bought a scroll of amnesia for 52 gold pieces
   867 | D:3      | Reached XP level 3. HP: 29/32 MP: 2/2
   984 | D:3      | Noticed Jessica
   987 | D:3      | Killed Jessica
   988 | D:3      | Reached skill level 1 in Invocations
  1071 | D:2      | Reached XP level 4. HP: 40/40 MP: 3/3
  1686 | D:3      | Reached skill level 4 in Unarmed Combat
  1889 | D:3      | Reached XP level 5. HP: 28/46 MP: 5/5
  2223 | D:3      | Identified the amulet "Duffacaorhe" {Reflect Fragile rF+
                  | Int+3 SH+5}
  2702 | D:4      | Identified the +0 ring mail "Ushy" {Str+3 Int+3}
  2708 | D:4      | Reached XP level 6. HP: 32/54 MP: 6/6
  2800 | D:4      | Reached skill level 5 in Unarmed Combat
  2929 | D:4      | Reached *** piety under Uskayaw
  2933 | D:4      | Reached XP level 7. HP: 53/61 MP: 8/8
  3063 | D:4      | Found a glowing silver altar of Zin.
  3181 | D:4      | Found a hazy altar of Hepliaklqana.
  3352 | D:5      | Entered Level 5 of the Dungeon
  3384 | D:5      | Reached skill level 5 in Shapeshifting
  3524 | D:5      | Found Hoap's Book Shop.
  3586 | D:5      | Reached skill level 6 in Unarmed Combat
  3776 | D:5      | Reached XP level 8. HP: 57/68 MP: 10/10
  4349 | D:6      | Reached skill level 5 in Invocations
  4494 | D:6      | Found a runed translucent door.
  4494 | D:6      | Found a basalt altar of Yredelemnul.
  4545 | D:6      | Found a staircase to the Ecumenical Temple.
  4564 | D:6      | Noticed Maggie
  4572 | D:6      | Killed Maggie
  4573 | D:6      | Reached skill level 7 in Unarmed Combat
  5108 | D:7      | Reached XP level 9. HP: 75/75 MP: 12/12
  5212 | D:7      | Found a shadowy altar of Dithmenos.
  5355 | D:7      | Noticed Pikel
  5370 | D:7      | Reached **** piety under Uskayaw
  5373 | D:7      | Killed Pikel
  5373 | D:7      | Reached ***** piety under Uskayaw
  5374 | D:7      | Reached skill level 8 in Unarmed Combat
  5973 | D:8      | Found a runed translucent gate.
  5974 | D:8      | Found a runed translucent gate.
  5975 | D:8      | Found a runed translucent gate.
  5977 | D:8      | Noticed noobcanoe's ghost (novice OpBr)
  5987 | D:8      | Killed noobcanoe's ghost
  5999 | D:8      | Noticed Maurice
  6011 | D:8      | Killed Maurice
  6059 | D:8      | Reached skill level 9 in Unarmed Combat
  6120 | D:8      | Reached XP level 10. HP: 76/83 MP: 14/14
  6226 | D:8      | Found a transporter.
  6227 | D:8      | Found a transporter.
  6250 | D:8      | Found a transporter.
  6325 | D:8      | Found an ancient bone altar of Kikubaaqudgha.
  6394 | D:8      | Found a transporter.
  6583 | D:8      | Reached skill level 1 in Fighting
  6784 | D:9      | Found a burning altar of Makhleb.
  7005 | D:9      | Identified the +3 dagger of the Rescuing Gods {pain, rCorr
                  | MP+9 SInv}
  7198 | D:9      | Noticed a two-headed ogre
  7209 | D:9      | Killed a two-headed ogre
  7449 | D:10     | Entered Level 10 of the Dungeon
  7622 | D:10     | Reached ****** piety under Uskayaw
  7624 | D:10     | Reached skill level 10 in Unarmed Combat
  7671 | D:10     | Found a staircase to the Lair.
  7735 | D:10     | Reached XP level 11. HP: 25/100 MP: 16/16
  8027 | D:10     | Found a bloodstained altar of Trog.
  8091 | D:10     | Noticed a two-headed ogre
  8098 | D:10     | Killed a two-headed ogre
  8484 | D:3      | Bought a ring of poison resistance for 260 gold pieces
  8705 | Lair:1   | Entered Level 1 of the Lair of Beasts
  8857 | Lair:1   | Found a dark tunnel.
  8871 | Volcano  | Entered a volcano
  8946 | Volcano  | HP: 4/101 [salamander/+0 spear (5)]
  8947 | Volcano  | Reached skill level 5 in Fighting
  8950 | Volcano  | Slain by a salamander

Illustrated notes

Levels and vault maps discovered:
D:1:      beargit_arrival_diablo_church, layout_basic, serial_shops, shop
D:2:      layout_loops_ring, shapermc_ecumenical_altar_gd
D:3:      minmay_goblin_kobold_castle, layout_loops_corners, serial_shops,
          nicolae_shop_gibbet_a_chance, guppyfry_early_orc_mine, uniq_jessica
D:4:      minmay_evil_eye, layout_cave_pools,
          mainiacjoe_overflow_surrounded_room, mainiacjoe_overflow_boulevard
D:5:      layout_cave_pods, serial_shops, shop
D:6:      layout_loops_ring, dk_yredelemnul_ordeal, minmay_temple_entry_trees,
          serial_bayou_pond_a, minmay_mini_ossuary, uniq_maggie
D:7:      layout_basic, nicolae_overflow_crystal_walls, uniq_pikel
D:8:      layout_loops_corners, kiku_gazebo_garden_becter,
          ebering_ghost_rock_garden, nicolae_transporter_circle, uniq_maurice
D:9:      layout_long_grid, bloody_makhleb
D:10:     layout_basic, trog_hazing_becter, due_lair_maze_entry_diamond
Lair:1:   gammafunk_indiana_jones, layout_cellular_growth,
          nicolae_volcano_entry_lava_flow
Volcano:  volcano_village

Skill      XL: |  1  2  3  4  5  6  7  8  9 10 11 |
---------------+----------------------------------+-----
Invocations    | 1 2 3 4 5 7 8 |  8.0
Unarmed Combat | 4 5 6 7 9 10 | 10.8
Shapeshifting  | 4 5 6 7 8 9 |  9.2
Fighting       | 4 5 |  5.0
Dodging        | |  1.5

Action                     |  1- 3 |  4- 6 |  7- 9 | 10-12 || total
---------------------------+-------+-------+-------+-------++-------
  Melee: Unarmed           |    63 |   181 |   180 |   192 ||   616
         Punch             |     1 |     3 |     8 |    11 ||    23
  Throw: Dart              |       |       |       |     6 ||     6
    Use: Scroll            |     1 |       |     2 |     6 ||     9
         Potion            |       |       |       |     4 ||     4
   Stab: Sleeping          |       |     1 |       |       ||     1
         Paralysed         |       |     1 |     3 |    16 ||    20
         Distracted        |       |       |       |     1 ||     1
 Armour: Animal skin       |    24 |    23 |    11 |    27 ||    85
         Skin              |       |       |       |    13 ||    13
  Dodge: Dodged            |    20 |    87 |    72 |   148 ||   327
  Block: Other             |     4 |    47 |    29 |    35 ||   115
         Reflection        |     1 |     3 |     3 |     6 ||    13

Table legend: (Time is in decaauts)
 A = Elapsed time spent in this place.
 B = Non-inter-level travel time spent in this place.
 C = Inter-level travel time spent in this place.
 D = Time resting spent in this place.
 E = Time spent auto-exploring this place.
 F = Levels seen in this place.
 G = Mean time per level.
                   A        B        C        D        E       F      G
               +--------+--------+--------+--------+--------+-----+--------+
         Total |   8875 |   8216 |    659 |    313 |   6249 |  12 |  739.6 |
       Dungeon |   8638 |   7987 |    651 |    273 |   6187 |  10 |  863.8 |
          Lair |    160 |    152 |      8 |     40 |      0 |   1 |  160.0 |
       Volcano |     76 |     76 |      0 |      0 |     62 |   1 |   76.0 |
               +--------+--------+--------+--------+--------+-----+--------+

Top non-repeatable levels by time:
     D:3: 1471 daAuts
     D:5: 1064 daAuts
     D:8: 956 daAuts
    D:10: 879 daAuts
     D:6: 796 daAuts
     D:7: 773 daAuts
     D:9: 748 daAuts
     D:2: 721 daAuts
     D:4: 717 daAuts
     D:1: 509 daAuts
  Lair:1: 160 daAuts
 Volcano: 76 daAuts
